 Dungeon Sprint DCSS version 0.27-a0-1359-ga2a4dfd6fd (webtiles) character file.

Game seed: 3461404604896303509

472 mhtbhm the Geomancer (level 6, -5/32 HPs)
             Began as a Deep Elf Earth Elementalist on June 28, 2021.
             Was an Elder of Vehumet.
             Slain by a phantasmal warrior (37 damage)
             ... in the Dungeon (Sprint VII: "The Pits").
             The game lasted 00:01:42 (685 turns).

mhtbhm the Geomancer (Deep Elf Earth Elementalist)   Turns: 685, Time: 00:01:43

Health: -5/32      AC:  2    Str:  5    XL:     6   Next: 83%
Magic:  11/21      EV: 14    Int: 22    God:    Vehumet [****..]
Gold:   0          SH:  0    Dex: 15    Spells: 11/26 levels left

rFire    . . .     SeeInvis .   l - +1 quarterstaff (protect)
rCold    . . .     Faith    .   (shield currently unavailable)
rNeg     . . .     Spirit   .   b - +0 robe
rPois    .         Reflect  .   (no helmet)
rElec    .         Harm     .   (no cloak)
rCorr    .         Rampage  .   (no gloves)
Will     .....     NoTele   +   (no boots)
Stlth    +++.......             (no amulet)
HPRegen  0.10/turn              (no ring)
MPRegen  0.17/turn              (no ring)

@: no status effects
A: no striking features
a: Renounce Religion


You were in the Dungeon.
You worshipped Vehumet.
Vehumet was greatly pleased with you.
You visited 1 branch

Inventory:

Hand Weapons
 l - a +1 quarterstaff of protection (weapon)
Missiles
 i - 24 stones
Armour
 b - a +0 robe (worn)
Scrolls
 h - a scroll of blinking
 j - 5 scrolls of amnesia
 k - a scroll of summoning
Potions
 a - 2 potions of invisibility
 c - 6 potions of curing
 d - 6 potions of heal wounds
 e - a potion of haste
 f - 4 potions of magic
 g - 3 potions of berserk rage


   Skills:
 + Level 5.7 Dodging
 + Level 5.9 Stealth
 + Level 10.9 Spellcasting
 + Level 0.7 Conjurations
 + Level 1.5 Transmutations
 + Level 11.7 Earth Magic


You had 11 spell levels left.
You knew the following spells:

 Your Spells              Type           Power      Damage    Failure   Level
a - Sandblast             Erth           100%       2d20      1%          1
b - Passwall              Tmut/Erth      34%        N/A       1%          2
c - Stone Arrow           Conj/Erth      78%        3d11      1%          3
d - Lee's Rapid Deconstr  Erth           29%        3d16*     1%          5
e - Petrify               Tmut/Erth      41%        N/A       3%          4

Your spell library contained the following spells:

 Spells                   Type           Power      Damage    Failure   Level
 Dazzling Flash           Conj/Hex       26%        N/A       4%          3


Dungeon Overview and Level Annotations

Branches:
Dungeon (1/1)

Altars:
Ashenzari
Cheibriados
Dithmenos
Elyvilon
Fedhas
Gozag
Hepliaklqana
Kikubaaqudgha
Makhleb
Nemelex Xobeh
Okawaru
Qazlal
Ru
Sif Muna
Trog
Uskayaw
Vehumet
Wu Jian
Xom
Yredelemnul
Zin
The Shining One
Beogh
Jiyva
Lugonu


Message History

Confirm with . or Enter, or press ? or * to list all spells.
Aiming: Lee's Rapid Deconstruction (dangerous; 1% risk of failure)
Press: ? - help, Dir - move target A metal wall.
The metal wall shatters!
The blast of metal fragments hits the quasit!
You kill the quasit!
Vehumet accepts your kill.
Vehumet offers you knowledge of Dazzling Flash.
You feel your power returning.
Unknown command.
You start resting.
HP restored.
You start resting.
Magic restored.
There is an open door here.
You open the door.
A phantasmal warrior comes into view.
Unknown command.
Casting: Lee's Rapid Deconstruction (dangerous; 1% risk of failure)
Confirm with . or Enter, or press ? or * to list all spells.
Aiming: Lee's Rapid Deconstruction (dangerous; 1% risk of failure)
Press: ? - help, Dir - move target A metal wall.
The metal wall shatters!
The blast of metal fragments hits the phantasmal warrior!
The phantasmal warrior is lightly damaged.
The phantasmal warrior misses you.
Unknown command.
Casting: Lee's Rapid Deconstruction (dangerous; 1% risk of failure)
Confirm with . or Enter, or press ? or * to list all spells.
Aiming: Lee's Rapid Deconstruction (dangerous; 1% risk of failure)
Press: ? - help, Dir - move target A metal wall.
The metal wall shatters!
The blast of metal fragments hits the phantasmal warrior!!
The phantasmal warrior is severely damaged.
The phantasmal warrior hits you!!!
Ouch! That really hurt!
You die...

#.#........##.......#
#'###########.......#
#†......# #########
#.###...# #.#.....#
#.#...#.#+#
#.....#.#.+
#...###.#W#
#.......'@#
###########


You could see a phantasmal warrior.

Vanquished Creatures
  A necrophage (D)
  An ice beast (D)
  A wolf (D)
  2 scorpions (D)
  A quasit (D)
  An iguana (D)
  A gnoll (D)
  2 adders (D)
  An ufetubus (D)
  A goblin (D)
  A hobgoblin (D)
  A ball python (D)
  A ball python zombie (D)
  A bat (D)
  A quokka zombie (D)
17 creatures vanquished.

Notes
Turn   | Place    | Note
-------+----------+-------------------------------------------
     0 | D        | mhtbhm the Deep Elf Earth Elementalist began the quest for
                  | the Orb.
     0 | D        | Reached XP level 1. HP: 10/10 MP: 6/6
    15 | D        | Reached skill level 4 in Earth Magic
    15 | D        | Reached XP level 2. HP: 12/15 MP: 3/8
    20 | D        | Found a bloodstained altar of Trog.
    20 | D        | Found a shimmering blue altar of Sif Muna.
    20 | D        | Found a viscous altar of Jiyva.
    20 | D        | Found a hazy altar of Hepliaklqana.
    20 | D        | Found an opulent altar of Gozag.
    21 | D        | Found a glowing golden altar of the Shining One.
    21 | D        | Found a glowing silver altar of Zin.
    21 | D        | Found a basalt altar of Yredelemnul.
    21 | D        | Found a shimmering altar of Xom.
    21 | D        | Found an ornate altar of the Wu Jian Council.
    21 | D        | Found a sacrificial altar of Ru.
    21 | D        | Found a stormy altar of Qazlal.
    21 | D        | Found an iron altar of Okawaru.
    21 | D        | Found a sparkling altar of Nemelex Xobeh.
    21 | D        | Found a burning altar of Makhleb.
    21 | D        | Found a blossoming altar of Fedhas.
    21 | D        | Found a white marble altar of Elyvilon.
    21 | D        | Found a shadowy altar of Dithmenos.
    21 | D        | Found a snail-covered altar of Cheibriados.
    23 | D        | Found a radiant altar of Vehumet.
    23 | D        | Found a corrupted altar of Lugonu.
    24 | D        | Found a hide-covered altar of Uskayaw.
    24 | D        | Found an ancient bone altar of Kikubaaqudgha.
    24 | D        | Found a broken altar of Ashenzari.
    31 | D        | Became a worshipper of Vehumet
    72 | D        | Noticed a scorpion
    74 | D        | Killed a scorpion
    75 | D        | Reached skill level 5 in Spellcasting
    75 | D        | Reached skill level 7 in Earth Magic
    75 | D        | Reached XP level 3. HP: 19/19 MP: 7/12
    75 | D        | Reached XP level 4. HP: 24/24 MP: 7/13
   132 | D        | Reached * piety under Vehumet
   132 | D        | Offered knowledge of Shock by Vehumet.
   157 | D        | Learned a level 2 spell: Passwall
   161 | D        | Learned a level 3 spell: Stone Arrow
   169 | D        | Reached ** piety under Vehumet
   201 | D        | Reached skill level 8 in Earth Magic
   433 | D        | Noticed a scorpion
   441 | D        | Offered knowledge of Freeze by Vehumet.
   441 | D        | Reached *** piety under Vehumet
   462 | D        | Noticed a necrophage
   468 | D        | Killed a necrophage
   469 | D        | Reached skill level 5 in Dodging
   469 | D        | Reached skill level 9 in Earth Magic
   469 | D        | Reached XP level 5. HP: 28/28 MP: 12/18
   471 | D        | Reached skill level 5 in Stealth
   471 | D        | Reached skill level 10 in Earth Magic
   471 | D        | Reached XP level 6. HP: 32/32 MP: 10/20
   475 | D        | Noticed an ice beast
   477 | D        | Learned a level 5 spell: Lee's Rapid Deconstruction
   477 | D        | Killed an ice beast
   478 | D        | Reached skill level 10 in Spellcasting
   478 | D        | Reached skill level 11 in Earth Magic
   569 | D        | Learned a level 4 spell: Petrify
   575 | D        | Reached **** piety under Vehumet
   629 | D        | Offered knowledge of Dazzling Flash by Vehumet.
   683 | D        | Noticed a phantasmal warrior
   685 | D        | Slain by a phantasmal warrior

Illustrated notes

Levels and vault maps discovered:
D:        pitsprint [storerooms_1, entrance_room_1, metal_vault_5, armoury_2,
          mini_pit_1, grid_room_1, main_hall_1, silver_pit, the_coven_3,
          the_vestibule_1, steel_vault_5, golden_pit, hallway_of_sentries,
          crystal_vault_6, iron_vault_3, final_vault]

Skill      XL: |  1  2  3  4  5  6 |
---------------+-------------------+-----
Earth Magic    | 4 7 9 10 11 | 11.7
Dodging        | 4 5 |  5.7
Stealth        | 3 4 5 |  5.9
Spellcasting   | 5 8 9 10 | 10.9
Conjurations   | |  0.7
Transmutations | |  1.5

Action                   |  1- 3 |  4- 6 || total
-------------------------+-------+-------++-------
 Cast: Sandblast         |     5 |    11 ||    16
       Stone Arrow       |       |     5 ||     5
       Lee's Rapid Decon |       |     7 ||     7
Dodge: Dodged            |     1 |     3 ||     4

Table legend: (Time is in decaauts)
 A = Elapsed time spent in this place.
 B = Non-inter-level travel time spent in this place.
 C = Inter-level travel time spent in this place.
 D = Time resting spent in this place.
 E = Time spent auto-exploring this place.
 F = Levels seen in this place.
 G = Mean time per level.
                   A        B        C        D        E       F      G
               +--------+--------+--------+--------+--------+-----+--------+
         Total |    684 |    684 |      0 |    454 |     37 |   1 |  684.0 |
       Dungeon |    684 |    684 |      0 |    454 |     37 |   1 |  684.0 |
               +--------+--------+--------+--------+--------+-----+--------+

Top non-repeatable levels by time:
       D: 684 daAuts
